Construct Infanterie Kompanie
Selects Terror Battlegroup
Selects Machine Gun Camouflage
Infanterie Officer Quarters
Construct Panzergrenadier Kompanie
Pak 40 Anti-tank Gun Team
Construct Panzer Kompanie
Panzergrenadier Officer Quarters
Pak 40 Anti-tank Gun Team
Pak 40 Anti-tank Gun Team
Selects Contempt for the Weak
Selects Propaganda Leaflet Drop
Selects Defend the Fatherland
Pak 40 Anti-tank Gun Team
Selects King Tiger Heavy Tank